cohdb
Replays
Latest Replays
All Replays
Popular Replays
Top Player Replays
Match Explorer
How It Works
Community
CoH3 Stats
Reddit
Sign in to upload your games and track your stats! →
Sign in with Steam
Match 44236420
Unlisted
Match 44236420
Overview
Messages
Build Orders
End
Construct Infanterie Kompanie
Selects Luftwaffe Battlegroup
Selects Luftwaffe Pioneer Support
Fallschirmpioneer Squad Paradrop
MG 42 Machine Gun Team
MG 42 Machine Gun Team
Construct Luftwaffe Kompanie
Support Elements
Selects Stuka Strafing Run
Selects Fallschirmjäger Squad Paradrop
Stuka Strafing Run
Wirbelwind Flakpanzer
Luftwaffe Officer Quarters
Construct Panzergrenadier Kompanie
Nebelwerfer 42 Rocket Launcher Team
Stuka Strafing Run
Jäger Squad
Stuka Strafing Run
Selects Stuka Loiter
Construct Panzer Kompanie
Panzer IV Medium Tank
Stuka Strafing Run
Side Skirts
Stuka Loiter
Fallschirmjäger Squad Paradrop
Joraad
Belzebù
Rasturnel
PROFL
gothrax
LauchOhneBauch
REDRIH
Reder
0
0
Comments
sign in to comment!
No comments posted yet!